[ AOE2 MATCH · #470490712 ]
UnrankedPersians vs Spanish
[ REPLAY ANALYSIS · EXTRACTED FROM THE RECORDED GAME ]
Feudal
10:49
Castle
14:23
Imperial
37:04
| APM avg | 43.9 |
| APM peak | 85 |
| eAPM avg | 23.1 |
| Villagers / military | 188 / 143 |
Focus
⚔️ 17.4% · 🌾 82.6%
War Elephant ×107 · Scout Cavalry ×27 · Skirmisher ×7 · Monk ×2
Feudal
11:25
Castle
16:18
Imperial
31:17
| APM avg | 26.2 |
| APM peak | 52 |
| eAPM avg | 19.0 |
| Villagers / military | 122 / 166 |
Focus
⚔️ 36.5% · 🌾 63.5%
Missionary ×109 · Scout Cavalry ×40 · Trade Cart ×17 · Fishing Ship ×13 · Conquistador ×9 · Battering Ram ×6
Feudal
10:13
Castle
20:46
Imperial
33:27
| APM avg | 25.1 |
| APM peak | 53 |
| eAPM avg | 17.6 |
| Villagers / military | 143 / 222 |
Focus
⚔️ 27.9% · 🌾 72.1%
Chu Ko Nu ×165 · Spearman ×35 · Iron Pagoda ×10 · Archer ×6 · Trebuchet (Packed) ×4 · Scout Cavalry ×2
Feudal
9:22
Castle
25:05
Imperial
—
| APM avg | 44.0 |
| APM peak | 121 |
| eAPM avg | 16.2 |
| Villagers / military | 81 / 56 |
Focus
⚔️ 27.1% · 🌾 72.9%
Archer ×54 · Monk ×1 · Spearman ×1
Feudal
12:23
Castle
16:01
Imperial
34:51
| APM avg | 29.5 |
| APM peak | 89 |
| eAPM avg | 17.5 |
| Villagers / military | 126 / 308 |
Focus
⚔️ 33.4% · 🌾 66.6%
Knight ×134 · Camel Scout ×86 · Spearman ×70 · Monk ×9 · Trebuchet (Packed) ×9
Feudal
11:55
Castle
17:07
Imperial
30:22
| APM avg | 38.0 |
| APM peak | 84 |
| eAPM avg | 27.4 |
| Villagers / military | 183 / 398 |
Focus
⚔️ 41.2% · 🌾 58.8%
Elephant Archer ×210 · Skirmisher ×144 · Bombard Cannon ×12 · Trebuchet (Packed) ×12 · Fishing Ship ×11 · Scorpion ×10
Feudal
9:16
Castle
22:43
Imperial
37:16
| APM avg | 68.0 |
| APM peak | 114 |
| eAPM avg | 24.0 |
| Villagers / military | 119 / 216 |
Focus
⚔️ 22.2% · 🌾 77.8%
Archer ×210 · Longbowman ×5 · Trade Cart ×5 · Trebuchet (Packed) ×1
Feudal
10:49
Castle
15:03
Imperial
34:06
| APM avg | 46.0 |
| APM peak | 117 |
| eAPM avg | 22.3 |
| Villagers / military | 225 / 168 |
Focus
⚔️ 33.6% · 🌾 66.4%
Knight ×128 · Archer ×30 · Fishing Ship ×7 · Bombard Cannon ×5 · Trebuchet (Packed) ×3 · Spearman ×2
Match map
Initial resources + every placement click. Lines = walls · curves = elevation contours. ◆ gold · ⬟ stone · ● berries · ✦ relic · ◌ wall gap
Your base· Open — unwalled flank
Canadian Pacific Railway's base
IG_Trading.conmike's base· Open — unwalled flank
PALADIN's base· Open — unwalled flank
A K I T A's base· Open — 3t gap
bilalnizamani001's base
Hades's base· Open — unwalled flank
Tremere's base
Smoothed initial terrain · ◌ = detected wall gap · hover for details
Inputs per minute
— Persian Assassin - - Canadian Pacific Railway
Build order — Persian Assassin
First 150 of 468 actions detected
| 0:01 | Create | Villager (Male) |
| 0:01 | Create | Villager (Male) |
| 0:02 | Create | Villager (Male) |
| 0:02 | Create | Villager (Male) |
| 0:04 | Build | House |
| 0:05 | Build | House |
| 0:23 | Create | Villager (Male) |
| 1:46 | Create | Villager (Male) |
| 1:50 | Build | Lumber Camp |
| 2:07 | Create | Villager (Male) |
| 2:07 | Create | Villager (Male) |
| 2:18 | Create | Villager (Male) |
| 2:59 | Create | Villager (Male) |
| 3:18 | Create | Villager (Male) |
| 3:40 | Build | House |
| 3:55 | Create | Villager (Male) |
| 4:19 | Create | Villager (Male) |
| 4:19 | Create | Villager (Male) |
| 4:23 | Create | Villager (Male) |
| 4:54 | Build | Mill |
| 5:10 | Create | Villager (Male) |
| 5:10 | Create | Villager (Male) |
| 5:11 | Create | Villager (Male) |
| 5:40 | Build | House |
| 5:52 | Create | Villager (Male) |
| 5:52 | Create | Villager (Male) |
| 6:01 | Create | Villager (Male) |
| 6:30 | Create | Villager (Male) |
| 6:58 | Build | Lumber Camp |
| 7:11 | Create | Villager (Male) |
| 7:39 | Create | Villager (Male) |
| 7:41 | Build | House |
| 7:48 | Create | Villager (Male) |
| 8:10 | Research | Feudal Age |
| 8:29 | Build | Mining Camp |
| 10:42 | Create | Villager (Male) |
| 10:49 | Age | Feudal Age |
| 10:54 | Build | Market |
| 10:58 | Build | Blacksmith |
| 10:59 | Create | Villager (Male) |
| 11:26 | Create | Villager (Male) |
| 11:49 | Research | Castle Age |
| 12:08 | Research | Double-Bit Axe |
| 12:29 | Research | Horse Collar |
| 12:37 | Build | House |
| 12:57 | Build | Farm |
| 12:59 | Build | Farm |
| 13:00 | Build | Farm |
| 13:07 | Build | Farm |
| 13:09 | Build | Farm |
| 13:34 | Build | Farm |
| 13:37 | Build | Farm |
| 13:38 | Build | Farm |
| 13:42 | Create | Villager (Male) |
| 14:23 | Age | Castle Age |
| 14:24 | Build | Town Center |
| 14:30 | Build | Town Center |
| 14:41 | Create | Villager (Male) |
| 15:02 | Create | Villager (Male) |
| 15:15 | Research | Loom |
| 15:16 | Create | Villager (Male) |
| 15:19 | Build | Farm |
| 15:34 | Research | Bow Saw |
| 15:47 | Create | Villager (Male) |
| 15:47 | Create | Villager (Male) |
| 16:02 | Create | Villager (Male) |
| 16:02 | Create | Villager (Male) |
| 16:10 | Create | Villager (Male) |
| 16:30 | Create | Villager (Male) |
| 16:40 | Build | Stone Wall |
| 16:41 | Create | Villager (Male) |
| 16:51 | Create | Villager (Male) |
| 17:03 | Create | Villager (Male) |
| 17:03 | Create | Villager (Male) |
| 17:06 | Build | Farm |
| 17:07 | Build | Farm |
| 17:12 | Build | Monastery |
| 17:15 | Create | Villager (Male) |
| 17:20 | Create | Villager (Male) |
| 17:25 | Create | Villager (Male) |
| 17:25 | Create | Villager (Male) |
| 17:30 | Build | House |
| 17:52 | Research | Wheelbarrow |
| 17:52 | Create | Villager (Male) |
| 17:53 | Create | Villager (Male) |
| 18:10 | Build | House |
| 18:10 | Create | Villager (Male) |
| 18:10 | Create | Villager (Male) |
| 18:16 | Create | Villager (Male) |
| 18:16 | Create | Villager (Male) |
| 18:21 | Create | Villager (Male) |
| 18:28 | Create | Monk |
| 18:33 | Build | House |
| 18:40 | Build | Farm |
| 18:42 | Build | Farm |
| 18:42 | Build | Farm |
| 18:42 | Build | Farm |
| 18:42 | Build | Farm |
| 18:43 | Build | Farm |
| 18:43 | Build | Farm |
| 18:43 | Build | Farm |
| 18:43 | Build | Farm |
| 18:45 | Create | Villager (Male) |
| 18:46 | Create | Villager (Male) |
| 19:01 | Create | Villager (Male) |
| 19:02 | Create | Villager (Male) |
| 19:13 | Build | Farm |
| 19:18 | Create | Villager (Male) |
| 19:21 | Create | Villager (Male) |
| 19:24 | Build | House |
| 19:34 | Build | Farm |
| 19:36 | Create | Villager (Male) |
| 19:47 | Build | Town Center |
| 19:51 | Build | Farm |
| 19:55 | Build | House |
| 20:05 | Create | Villager (Male) |
| 20:05 | Create | Villager (Male) |
| 20:13 | Build | Stone Wall |
| 20:18 | Build | Stone Wall |
| 20:20 | Create | Villager (Male) |
| 20:21 | Create | Villager (Male) |
| 20:24 | Create | Villager (Male) |
| 20:29 | Research | Town Watch |
| 20:34 | Create | Villager (Male) |
| 20:34 | Create | Villager (Male) |
| 20:42 | Build | Town Center |
| 20:43 | Create | Villager (Male) |
| 20:46 | Build | Farm |
| 20:47 | Create | Villager (Male) |
| 21:05 | Build | Mining Camp |
| 21:05 | Create | Villager (Male) |
| 21:05 | Create | Villager (Male) |
| 21:09 | Build | Farm |
| 21:20 | Build | House |
| 21:21 | Build | House |
| 21:22 | Build | House |
| 21:32 | Create | Villager (Male) |
| 21:32 | Create | Villager (Male) |
| 21:33 | Create | Villager (Male) |
| 21:37 | Build | Farm |
| 21:38 | Create | Villager (Male) |
| 21:38 | Create | Villager (Male) |
| 21:38 | Create | Villager (Male) |
| 21:39 | Create | Villager (Male) |
| 21:43 | Build | Farm |
| 21:46 | Create | Villager (Male) |
| 21:49 | Build | House |
| 21:55 | Create | Villager (Male) |
| 22:05 | Create | Villager (Male) |
| 22:07 | Build | Farm |
Build order — Canadian Pacific Railway
First 150 of 415 actions detected
| 0:02 | Create | Villager (Male) ×4 |
| 0:03 | Build | House |
| 0:04 | Build | House |
| 1:30 | Create | Villager (Male) |
| 1:53 | Create | Villager (Male) |
| 1:56 | Build | Lumber Camp |
| 2:20 | Create | Villager (Male) |
| 2:20 | Create | Villager (Male) |
| 2:38 | Build | House |
| 2:47 | Create | Villager (Male) |
| 2:47 | Create | Villager (Male) |
| 3:03 | Research | Loom |
| 3:30 | Create | Villager (Male) |
| 3:30 | Create | Villager (Male) |
| 4:06 | Create | Villager (Male) |
| 4:31 | Create | Villager (Male) |
| 4:45 | Build | Dock |
| 5:16 | Create | Villager (Male) |
| 5:16 | Create | Villager (Male) |
| 5:38 | Build | House |
| 5:40 | Create | Fishing Ship |
| 6:01 | Create | Villager (Male) |
| 6:01 | Create | Villager (Male) |
| 6:03 | Create | Fishing Ship |
| 6:28 | Build | Palisade Wall |
| 6:31 | Build | Palisade Wall |
| 7:02 | Build | House |
| 7:08 | Create | Fishing Ship |
| 7:10 | Create | Villager (Male) |
| 7:34 | Create | Villager (Male) |
| 7:34 | Create | Villager (Male) |
| 7:47 | Create | Fishing Ship |
| 8:02 | Create | Villager (Male) |
| 8:03 | Create | Villager (Male) |
| 8:14 | Create | Fishing Ship |
| 9:05 | Build | Mill |
| 9:08 | Create | Villager (Male) |
| 9:15 | Research | Feudal Age |
| 9:23 | Build | House |
| 9:25 | Build | Palisade Wall |
| 9:27 | Build | Palisade Wall |
| 10:02 | Build | Mining Camp |
| 10:30 | Build | Palisade Wall |
| 11:11 | Create | Villager (Male) |
| 11:11 | Create | Villager (Male) |
| 11:25 | Age | Feudal Age |
| 11:35 | Build | Blacksmith |
| 11:48 | Research | Double-Bit Axe |
| 11:54 | Create | Villager (Male) |
| 12:13 | Build | House |
| 12:37 | Create | Villager (Male) |
| 12:47 | Create | Villager (Male) |
| 13:12 | Build | Market |
| 13:15 | Create | Villager (Male) |
| 13:22 | Build | Outpost |
| 13:36 | Research | Castle Age |
| 13:46 | Build | Mining Camp |
| 14:18 | Research | Stone Mining |
| 14:25 | Build | Fish Trap |
| 14:53 | Build | Stone Wall |
| 15:00 | Build | Building 673 |
| 15:06 | Build | Fish Trap |
| 15:11 | Build | Fish Trap |
| 15:29 | Build | Fish Trap |
| 15:33 | Build | Fish Trap |
| 16:18 | Age | Castle Age |
| 16:24 | Research | Wheelbarrow |
| 16:28 | Create | Fishing Ship |
| 16:28 | Create | Fishing Ship |
| 16:30 | Create | Fishing Ship |
| 16:32 | Create | Villager (Male) |
| 16:32 | Create | Villager (Male) |
| 16:32 | Create | Villager (Male) |
| 17:28 | Build | Fish Trap |
| 17:32 | Research | Tech 906 |
| 17:40 | Create | Villager (Male) |
| 19:04 | Build | Fish Trap |
| 19:06 | Build | Fish Trap |
| 19:14 | Create | Villager (Male) |
| 19:14 | Create | Villager (Male) |
| 19:22 | Build | Castle |
| 19:34 | Build | House |
| 19:36 | Research | Gold Mining |
| 19:40 | Build | House |
| 19:41 | Build | House |
| 19:52 | Build | Monastery |
| 20:00 | Build | Monastery |
| 20:08 | Build | Mining Camp |
| 20:15 | Create | Villager (Male) |
| 20:16 | Create | Villager (Male) |
| 20:23 | Create | Conquistador |
| 20:36 | Research | Fletching |
| 20:45 | Create | Missionary |
| 20:46 | Create | Missionary |
| 20:56 | Create | Fishing Ship |
| 20:57 | Create | Fishing Ship |
| 21:22 | Create | Conquistador |
| 21:22 | Create | Conquistador |
| 21:27 | Create | Fishing Ship |
| 21:28 | Create | Fishing Ship |
| 21:28 | Create | Fishing Ship |
| 21:30 | Build | Farm |
| 21:37 | Create | Villager (Male) |
| 21:37 | Create | Villager (Male) |
| 21:40 | Build | Farm |
| 22:06 | Create | Conquistador |
| 22:06 | Create | Conquistador |
| 22:06 | Create | Conquistador |
| 22:16 | Research | Atonement |
| 22:27 | Create | Conquistador |
| 22:32 | Build | Lumber Camp |
| 22:39 | Research | Fervor |
| 22:41 | Research | Sanctity |
| 22:42 | Create | Villager (Male) |
| 22:47 | Build | Fish Trap |
| 22:53 | Create | Villager (Male) |
| 23:22 | Create | Conquistador |
| 23:27 | Build | Farm |
| 23:27 | Build | Farm |
| 23:28 | Build | Farm |
| 23:28 | Build | Farm |
| 23:36 | Build | Fish Trap |
| 23:42 | Create | Villager (Male) |
| 23:43 | Create | Villager (Male) |
| 24:00 | Create | Villager (Male) |
| 24:01 | Create | Villager (Male) |
| 24:43 | Build | Siege Workshop |
| 24:45 | Create | Villager (Male) |
| 24:46 | Create | Villager (Male) |
| 24:46 | Create | Villager (Male) |
| 25:01 | Create | Villager (Male) |
| 25:02 | Create | Villager (Male) |
| 25:27 | Research | Padded Archer Armor |
| 25:30 | Create | Battering Ram |
| 25:30 | Create | Battering Ram |
| 25:33 | Build | Siege Workshop |
| 25:38 | Create | Missionary |
| 25:38 | Create | Missionary |
| 25:38 | Create | Missionary |
| 25:44 | Build | Outpost |
| 25:52 | Build | Fish Trap |
| 26:06 | Create | Mangonel |
| 26:30 | Create | Battering Ram |
| 27:27 | Create | Battering Ram |
| 27:27 | Create | Battering Ram |
| 27:34 | Create | Battering Ram |
| 27:59 | Create | Conquistador |
| 28:07 | Research | Imperial Age |
| 28:11 | Create | Mangonel |
| 28:17 | Build | Lumber Camp |
Build order — IG_Trading.conmike
First 150 of 400 actions detected
| 0:02 | Research | Loom |
| 0:04 | Build | House |
| 0:06 | Build | House |
| 1:00 | Create | Villager (Male) |
| 1:26 | Create | Villager (Male) |
| 1:26 | Create | Villager (Male) |
| 1:30 | Build | Lumber Camp |
| 1:53 | Create | Villager (Male) |
| 1:53 | Create | Villager (Male) |
| 2:20 | Create | Villager (Male) |
| 2:47 | Create | Villager (Male) |
| 2:47 | Create | Villager (Male) |
| 3:17 | Create | Villager (Male) |
| 3:18 | Create | Villager (Male) |
| 3:41 | Create | Villager (Male) |
| 3:49 | Build | House |
| 4:11 | Create | Villager (Male) |
| 4:11 | Create | Villager (Male) |
| 4:31 | Create | Villager (Male) |
| 4:49 | Create | Villager (Male) |
| 4:49 | Create | Villager (Male) |
| 5:31 | Create | Villager (Male) |
| 5:42 | Create | Villager (Male) |
| 6:19 | Create | Villager (Male) |
| 6:32 | Build | Mill |
| 6:36 | Create | Villager (Male) |
| 7:08 | Create | Villager (Male) |
| 8:03 | Research | Feudal Age |
| 8:11 | Build | Mining Camp |
| 8:29 | Build | Barracks |
| 10:13 | Age | Feudal Age |
| 10:14 | Build | Stable |
| 10:15 | Create | Villager (Male) |
| 10:23 | Build | Archery Range |
| 10:25 | Research | Double-Bit Axe |
| 10:35 | Create | Villager (Male) |
| 10:56 | Create | Scout Cavalry |
| 11:01 | Build | House |
| 11:09 | Create | Villager (Male) |
| 11:25 | Build | Archery Range |
| 11:25 | Create | Archer |
| 11:29 | Build | House |
| 11:50 | Build | Farm |
| 12:07 | Build | Watch Tower |
| 12:09 | Create | Archer |
| 12:09 | Create | Scout Cavalry |
| 12:27 | Create | Archer |
| 12:28 | Create | Archer |
| 12:50 | Create | Villager (Male) |
| 12:54 | Create | Archer |
| 12:55 | Create | Archer |
| 12:56 | Create | Villager (Male) |
| 13:35 | Build | Farm |
| 13:38 | Build | Farm |
| 13:40 | Build | Farm |
| 13:42 | Create | Villager (Male) |
| 13:49 | Create | Villager (Male) |
| 13:59 | Build | Farm |
| 14:06 | Build | Farm |
| 14:18 | Create | Villager (Male) |
| 14:18 | Create | Villager (Male) |
| 15:28 | Create | Villager (Male) |
| 15:28 | Create | Villager (Male) |
| 15:28 | Create | Villager (Male) |
| 15:29 | Create | Villager (Male) |
| 15:45 | Build | Blacksmith |
| 15:53 | Build | Market |
| 15:57 | Create | Villager (Male) |
| 16:02 | Build | Farm |
| 16:07 | Build | Farm |
| 16:30 | Build | Farm |
| 16:39 | Build | Farm |
| 16:44 | Create | Villager (Male) |
| 16:45 | Build | House |
| 16:51 | Research | Wheelbarrow |
| 17:14 | Build | Stone Wall |
| 17:19 | Build | Stone Wall |
| 18:05 | Build | House |
| 18:06 | Research | Castle Age |
| 18:17 | Build | Lumber Camp |
| 18:51 | Build | Farm |
| 18:52 | Build | Farm |
| 18:55 | Research | Horse Collar |
| 19:49 | Build | Farm |
| 20:04 | Build | Farm |
| 20:10 | Build | Mining Camp |
| 20:43 | Create | Villager (Male) |
| 20:43 | Create | Villager (Male) |
| 20:46 | Age | Castle Age |
| 20:54 | Build | Town Center |
| 21:08 | Create | Villager (Male) |
| 21:22 | Research | Bow Saw |
| 21:24 | Research | Heavy Plow |
| 22:02 | Create | Villager (Male) |
| 22:10 | Create | Villager (Male) |
| 22:11 | Create | Villager (Male) |
| 22:11 | Create | Villager (Male) |
| 22:16 | Create | Villager (Male) |
| 22:19 | Build | Town Center |
| 22:23 | Create | Villager (Male) |
| 22:25 | Create | Villager (Male) |
| 22:53 | Create | Villager (Male) |
| 22:54 | Create | Villager (Male) |
| 23:14 | Create | Villager (Male) |
| 23:16 | Research | Stone Mining |
| 23:17 | Research | Gold Mining |
| 23:26 | Create | Villager (Male) |
| 23:38 | Build | Town Center |
| 23:42 | Create | Villager (Male) |
| 23:49 | Create | Villager (Male) |
| 23:50 | Create | Villager (Male) |
| 23:56 | Create | Villager (Male) |
| 23:56 | Create | Villager (Male) |
| 24:17 | Build | Farm |
| 24:23 | Build | Farm |
| 24:25 | Build | Farm |
| 24:27 | Build | Farm |
| 24:31 | Build | Farm |
| 24:32 | Build | Farm |
| 24:34 | Build | Farm |
| 24:36 | Create | Villager (Male) |
| 24:40 | Build | Farm |
| 24:43 | Create | Villager (Male) |
| 24:45 | Build | Farm |
| 24:48 | Build | Farm |
| 24:54 | Create | Villager (Male) |
| 24:56 | Create | Villager (Male) |
| 24:58 | Build | Farm |
| 24:59 | Create | Villager (Male) |
| 25:05 | Create | Villager (Male) |
| 25:06 | Create | Villager (Male) |
| 25:21 | Build | Town Center |
| 25:26 | Create | Villager (Male) |
| 25:30 | Build | Farm |
| 25:37 | Create | Villager (Male) |
| 25:38 | Create | Villager (Male) |
| 25:39 | Build | Farm |
| 25:48 | Create | Villager (Male) |
| 25:50 | Build | Farm |
| 25:52 | Build | Farm |
| 25:54 | Create | Villager (Male) |
| 25:55 | Create | Villager (Male) |
| 25:56 | Create | Villager (Male) |
| 26:07 | Build | Farm |
| 26:11 | Create | Villager (Male) |
| 26:11 | Create | Villager (Male) |
| 26:12 | Create | Villager (Male) |
| 26:12 | Create | Villager (Male) |
| 26:12 | Create | Villager (Male) |
| 26:24 | Build | Farm |
Build order — PALADIN
First 150 of 273 actions detected
| 0:00 | Create | Villager (Male) |
| 0:01 | Create | Villager (Male) |
| 0:01 | Create | Villager (Male) |
| 0:03 | Build | House |
| 0:04 | Build | House |
| 0:29 | Create | Villager (Male) |
| 1:32 | Create | Villager (Male) |
| 1:59 | Create | Villager (Male) |
| 2:00 | Create | Villager (Male) |
| 2:36 | Create | Villager (Male) |
| 2:39 | Build | Lumber Camp |
| 2:49 | Create | Villager (Male) |
| 3:06 | Create | Villager (Male) |
| 3:45 | Create | Villager (Male) |
| 3:45 | Create | Villager (Male) |
| 3:58 | Create | Villager (Male) |
| 4:27 | Build | House |
| 4:29 | Research | Loom |
| 4:36 | Create | Villager (Male) |
| 4:56 | Create | Villager (Male) |
| 5:10 | Create | Villager (Male) |
| 5:17 | Build | Mill |
| 6:03 | Create | Villager (Male) |
| 6:09 | Build | House |
| 6:34 | Create | Villager (Male) |
| 7:06 | Research | Feudal Age |
| 7:09 | Build | Mining Camp |
| 8:33 | Create | Villager (Male) |
| 8:40 | Build | Barracks |
| 8:50 | Create | Villager (Male) |
| 9:22 | Age | Feudal Age |
| 9:25 | Create | Villager (Male) |
| 9:35 | Build | Archery Range |
| 9:38 | Create | Spearman |
| 10:02 | Create | Villager (Male) |
| 10:16 | Build | Archery Range |
| 10:25 | Build | House |
| 10:42 | Create | Villager (Male) |
| 11:16 | Create | Archer |
| 11:16 | Create | Archer |
| 11:20 | Create | Villager (Male) |
| 11:53 | Create | Archer |
| 11:53 | Create | Archer |
| 11:57 | Build | House |
| 11:58 | Create | Villager (Male) |
| 12:10 | Create | Archer |
| 12:33 | Create | Archer |
| 13:04 | Create | Archer |
| 13:11 | Build | Blacksmith |
| 13:22 | Build | House |
| 13:22 | Build | House |
| 13:28 | Create | Archer |
| 13:48 | Create | Villager (Male) |
| 13:48 | Create | Villager (Male) |
| 14:06 | Research | Fletching |
| 14:31 | Research | Padded Archer Armor |
| 14:42 | Create | Archer |
| 14:48 | Create | Villager (Male) |
| 14:54 | Research | Double-Bit Axe |
| 15:12 | Create | Archer |
| 15:23 | Create | Villager (Male) |
| 15:30 | Create | Archer |
| 15:33 | Build | House |
| 15:35 | Build | Farm |
| 15:36 | Build | Farm |
| 15:36 | Build | Farm |
| 15:57 | Create | Archer |
| 16:08 | Create | Archer |
| 16:42 | Create | Archer |
| 16:43 | Create | Archer |
| 16:50 | Build | Farm |
| 16:51 | Build | Farm |
| 16:53 | Build | Farm |
| 16:55 | Build | Farm |
| 16:56 | Create | Archer |
| 17:05 | Research | Horse Collar |
| 17:07 | Create | Villager (Male) |
| 17:16 | Build | Farm |
| 17:18 | Create | Villager (Male) |
| 17:35 | Create | Archer |
| 17:35 | Create | Archer |
| 17:41 | Create | Villager (Male) |
| 18:17 | Build | Farm |
| 18:19 | Build | Farm |
| 18:21 | Build | Farm |
| 18:22 | Build | Farm |
| 18:23 | Create | Villager (Male) |
| 18:28 | Create | Archer |
| 18:28 | Create | Archer |
| 18:38 | Create | Villager (Male) |
| 18:40 | Build | House |
| 18:41 | Build | House |
| 18:43 | Build | House |
| 18:44 | Build | House |
| 18:55 | Create | Archer |
| 19:15 | Create | Archer |
| 19:15 | Create | Archer |
| 19:28 | Create | Archer |
| 19:28 | Create | Archer |
| 19:30 | Research | Town Watch |
| 19:49 | Create | Archer |
| 19:50 | Create | Villager (Male) |
| 19:50 | Create | Villager (Male) |
| 19:54 | Build | Farm |
| 20:05 | Create | Villager (Male) |
| 20:08 | Build | Farm |
| 20:09 | Build | Farm |
| 20:20 | Create | Archer |
| 20:20 | Create | Archer |
| 20:22 | Create | Villager (Male) |
| 20:36 | Create | Archer |
| 20:36 | Create | Archer |
| 20:50 | Create | Villager (Male) |
| 21:14 | Create | Archer |
| 21:41 | Create | Villager (Male) |
| 22:05 | Create | Villager (Male) |
| 22:13 | Build | Archery Range |
| 22:24 | Research | Castle Age |
| 22:32 | Create | Archer |
| 22:44 | Build | Lumber Camp |
| 23:18 | Build | Watch Tower |
| 24:08 | Create | Archer |
| 24:08 | Create | Archer |
| 24:37 | Build | House |
| 24:53 | Create | Archer |
| 24:53 | Create | Archer |
| 24:54 | Create | Archer |
| 25:05 | Age | Castle Age |
| 25:06 | Create | Villager (Male) |
| 25:08 | Research | Crossbowman (upgrade) |
| 25:09 | Research | Bodkin Arrow |
| 25:20 | Create | Archer |
| 25:20 | Create | Archer |
| 25:20 | Create | Archer |
| 25:26 | Build | Mining Camp |
| 25:36 | Create | Archer |
| 25:36 | Create | Archer |
| 25:46 | Create | Villager (Male) |
| 25:48 | Research | Bow Saw |
| 26:02 | Create | Archer |
| 26:02 | Create | Archer |
| 26:05 | Create | Villager (Male) |
| 26:08 | Build | University |
| 26:26 | Create | Villager (Male) |
| 26:59 | Research | Wheelbarrow |
| 27:12 | Create | Villager (Male) |
| 27:18 | Research | Ballistics |
| 27:21 | Create | Archer |
| 27:36 | Create | Archer |
| 27:36 | Create | Archer |
Build order — A K I T A
First 150 of 424 actions detected
| 0:00 | Create | Villager (Male) |
| 0:01 | Create | Villager (Male) |
| 0:02 | Build | House |
| 0:03 | Build | House |
| 0:30 | Create | Villager (Male) |
| 0:30 | Create | Villager (Male) |
| 1:34 | Create | Villager (Male) |
| 2:04 | Create | Villager (Male) |
| 2:05 | Create | Villager (Male) |
| 2:37 | Build | Lumber Camp |
| 2:59 | Create | Villager (Male) |
| 3:00 | Create | Villager (Male) |
| 3:20 | Create | Villager (Male) |
| 3:41 | Create | Villager (Male) |
| 4:04 | Build | House |
| 4:22 | Build | Mill |
| 4:23 | Create | Villager (Male) |
| 4:52 | Create | Villager (Male) |
| 5:29 | Create | Villager (Male) |
| 5:42 | Build | House |
| 5:49 | Create | Villager (Male) |
| 6:28 | Create | Villager (Male) |
| 6:28 | Create | Villager (Male) |
| 6:29 | Create | Villager (Male) |
| 6:54 | Create | Villager (Male) |
| 6:59 | Build | Lumber Camp |
| 7:01 | Create | Villager (Male) |
| 7:02 | Create | Villager (Male) |
| 7:27 | Create | Villager (Male) |
| 7:29 | Create | Villager (Male) |
| 7:51 | Build | House |
| 8:05 | Create | Villager (Male) |
| 8:18 | Create | Villager (Male) |
| 8:36 | Build | Mining Camp |
| 9:31 | Create | Villager (Male) |
| 10:01 | Create | Villager (Male) |
| 10:05 | Research | Feudal Age |
| 10:21 | Research | Loom |
| 10:39 | Build | House |
| 10:40 | Build | House |
| 11:05 | Build | Barracks |
| 12:09 | Build | House |
| 12:23 | Age | Feudal Age |
| 12:33 | Build | Stable |
| 12:36 | Research | Double-Bit Axe |
| 12:50 | Build | Blacksmith |
| 13:06 | Build | Market |
| 13:08 | Build | House |
| 13:14 | Build | House |
| 13:15 | Create | Villager (Male) |
| 13:21 | Research | Castle Age |
| 13:24 | Build | Farm |
| 13:24 | Build | Farm |
| 13:24 | Build | Farm |
| 13:25 | Build | Farm |
| 13:25 | Build | Farm |
| 13:45 | Build | Farm |
| 13:58 | Research | Horse Collar |
| 14:28 | Research | Gold Mining |
| 14:36 | Build | Farm |
| 15:06 | Research | Wheelbarrow |
| 16:01 | Age | Castle Age |
| 16:08 | Build | Town Center |
| 16:17 | Build | Town Center |
| 16:19 | Research | Bow Saw |
| 16:27 | Create | Knight |
| 16:27 | Create | Knight |
| 16:38 | Build | Farm |
| 16:39 | Create | Villager (Male) |
| 16:56 | Create | Knight |
| 17:03 | Build | Farm |
| 17:19 | Build | House |
| 17:30 | Create | Villager (Male) |
| 17:35 | Build | Farm |
| 17:39 | Build | Farm |
| 17:55 | Create | Villager (Male) |
| 17:56 | Create | Villager (Male) |
| 18:00 | Build | Farm |
| 18:03 | Build | Farm |
| 18:21 | Create | Knight |
| 18:21 | Create | Knight |
| 18:27 | Build | Farm |
| 18:32 | Create | Villager (Male) |
| 18:36 | Build | Farm |
| 18:41 | Build | Farm |
| 18:42 | Build | Farm |
| 18:46 | Create | Villager (Male) |
| 18:47 | Create | Villager (Male) |
| 19:15 | Create | Knight |
| 19:20 | Create | Villager (Male) |
| 19:22 | Build | Farm |
| 19:28 | Create | Villager (Male) |
| 19:29 | Create | Villager (Male) |
| 19:33 | Build | Farm |
| 19:33 | Build | Farm |
| 19:33 | Build | Farm |
| 19:33 | Build | Farm |
| 19:44 | Create | Knight |
| 19:50 | Create | Villager (Male) |
| 19:55 | Build | Farm |
| 19:56 | Build | Farm |
| 20:02 | Create | Villager (Male) |
| 20:15 | Research | Scale Barding Armor |
| 20:25 | Build | Farm |
| 20:28 | Build | Farm |
| 20:31 | Create | Villager (Male) |
| 20:32 | Create | Villager (Male) |
| 20:35 | Create | Villager (Male) |
| 20:46 | Create | Knight |
| 20:58 | Build | House |
| 21:09 | Create | Villager (Male) |
| 21:10 | Create | Villager (Male) |
| 21:10 | Create | Villager (Male) |
| 21:19 | Create | Knight |
| 21:25 | Research | Gold Shaft Mining |
| 21:28 | Research | Heavy Plow |
| 21:35 | Create | Villager (Male) |
| 21:36 | Create | Villager (Male) |
| 21:38 | Create | Villager (Male) |
| 21:41 | Build | Farm |
| 22:02 | Create | Villager (Male) |
| 22:02 | Create | Villager (Male) |
| 22:03 | Create | Villager (Male) |
| 22:08 | Build | Farm |
| 22:11 | Build | Farm |
| 22:24 | Create | Knight |
| 22:24 | Create | Knight |
| 22:25 | Create | Villager (Male) |
| 22:25 | Create | Villager (Male) |
| 22:25 | Create | Villager (Male) |
| 22:48 | Build | Monastery |
| 22:54 | Create | Villager (Male) |
| 22:55 | Create | Villager (Male) |
| 22:55 | Create | Villager (Male) |
| 22:59 | Create | Villager (Male) |
| 22:59 | Create | Villager (Male) |
| 22:59 | Create | Villager (Male) |
| 23:11 | Create | Knight |
| 23:22 | Create | Villager (Male) |
| 23:22 | Create | Villager (Male) |
| 23:22 | Create | Villager (Male) |
| 23:31 | Build | Town Center |
| 23:49 | Build | House |
| 23:50 | Build | House |
| 24:02 | Create | Monk |
| 24:07 | Build | House |
| 24:08 | Build | House |
| 24:16 | Create | Villager (Male) |
| 24:17 | Create | Villager (Male) |
| 24:17 | Create | Villager (Male) |
Build order — bilalnizamani001
First 150 of 577 actions detected
| 0:01 | Create | Villager (Male) |
| 0:01 | Create | Villager (Male) |
| 0:02 | Create | Villager (Male) |
| 0:02 | Create | Villager (Male) |
| 0:04 | Build | House |
| 0:06 | Build | House |
| 0:17 | Build | Mill |
| 0:43 | Research | Loom |
| 0:43 | Create | Villager (Male) |
| 0:56 | Create | Villager (Male) |
| 0:56 | Create | Villager (Male) |
| 1:16 | Build | Palisade Wall |
| 1:34 | Build | Palisade Wall |
| 1:47 | Create | Villager (Male) |
| 1:47 | Create | Villager (Male) |
| 1:47 | Create | Villager (Male) |
| 2:19 | Create | Villager (Male) |
| 2:19 | Create | Villager (Male) |
| 2:19 | Create | Villager (Male) |
| 2:55 | Create | Villager (Male) |
| 2:55 | Create | Villager (Male) |
| 2:55 | Create | Villager (Male) |
| 3:02 | Create | Villager (Male) |
| 3:03 | Create | Villager (Male) |
| 3:03 | Create | Villager (Male) |
| 3:14 | Build | Palisade Wall |
| 3:39 | Create | Villager (Male) |
| 3:39 | Create | Villager (Male) |
| 3:39 | Create | Villager (Male) |
| 4:04 | Create | Villager (Male) |
| 4:05 | Create | Villager (Male) |
| 4:05 | Create | Villager (Male) |
| 4:18 | Create | Villager (Male) |
| 4:18 | Create | Villager (Male) |
| 4:46 | Build | House |
| 4:51 | Create | Villager (Male) |
| 4:52 | Create | Villager (Male) |
| 4:52 | Create | Villager (Male) |
| 4:52 | Create | Villager (Male) |
| 5:53 | Create | Villager (Male) |
| 5:53 | Create | Villager (Male) |
| 5:54 | Create | Villager (Male) |
| 5:54 | Create | Villager (Male) |
| 5:54 | Create | Villager (Male) |
| 6:01 | Build | Lumber Camp |
| 6:23 | Create | Villager (Male) |
| 6:23 | Create | Villager (Male) |
| 7:03 | Build | House |
| 7:28 | Create | Villager (Male) |
| 7:53 | Create | Villager (Male) |
| 7:54 | Create | Villager (Male) |
| 8:34 | Create | Villager (Male) |
| 8:37 | Build | House |
| 8:42 | Build | Dock |
| 8:45 | Create | Villager (Male) |
| 8:53 | Create | Villager (Male) |
| 9:16 | Create | Villager (Male) |
| 9:16 | Create | Villager (Male) |
| 9:34 | Create | Fishing Ship |
| 9:36 | Build | House |
| 9:44 | Research | Feudal Age |
| 9:44 | Create | Villager (Male) |
| 9:59 | Build | Mining Camp |
| 10:06 | Build | Mining Camp |
| 10:35 | Create | Fishing Ship |
| 10:37 | Build | House |
| 10:50 | Create | Fishing Ship |
| 11:46 | Create | Fishing Ship |
| 11:55 | Age | Feudal Age |
| 11:57 | Create | Villager (Male) |
| 12:05 | Create | Villager (Male) |
| 12:11 | Build | Market |
| 12:27 | Build | Stone Wall |
| 12:30 | Create | Villager (Male) |
| 12:41 | Create | Fishing Ship |
| 13:32 | Build | Stone Wall |
| 13:33 | Create | Villager (Male) |
| 13:36 | Build | Blacksmith |
| 13:42 | Create | Fishing Ship |
| 14:27 | Research | Castle Age |
| 14:27 | Research | Castle Age |
| 14:27 | Create | Villager (Male) |
| 14:34 | Create | Fishing Ship |
| 14:40 | Build | Stone Wall |
| 14:50 | Research | Double-Bit Axe |
| 14:50 | Research | Double-Bit Axe |
| 14:51 | Research | Horse Collar |
| 14:51 | Research | Horse Collar |
| 14:52 | Research | Horse Collar |
| 15:12 | Build | Fish Trap |
| 15:30 | Build | Fish Trap |
| 16:19 | Build | Fish Trap |
| 17:07 | Age | Castle Age |
| 17:10 | Create | Villager (Male) |
| 17:13 | Build | Town Center |
| 17:19 | Build | Town Center |
| 17:28 | Create | Villager (Male) |
| 18:08 | Build | Fish Trap |
| 18:14 | Research | Bow Saw |
| 18:15 | Research | Bow Saw |
| 18:16 | Create | Villager (Male) |
| 18:16 | Create | Villager (Male) |
| 18:21 | Build | Fish Trap |
| 18:26 | Build | House |
| 18:33 | Build | Fish Trap |
| 18:49 | Build | Fish Trap |
| 18:56 | Build | House |
| 18:56 | Build | House |
| 18:56 | Build | House |
| 18:58 | Build | House |
| 18:59 | Create | Villager (Male) |
| 19:00 | Create | Villager (Male) |
| 19:01 | Create | Villager (Male) |
| 19:01 | Create | Villager (Male) |
| 19:12 | Create | Villager (Male) |
| 19:13 | Create | Villager (Male) |
| 19:16 | Research | Heavy Plow |
| 19:16 | Research | Heavy Plow |
| 19:16 | Research | Heavy Plow |
| 19:22 | Create | Fishing Ship |
| 19:23 | Create | Fishing Ship |
| 19:23 | Create | Fishing Ship |
| 19:35 | Create | Villager (Male) |
| 19:37 | Create | Villager (Male) |
| 19:37 | Create | Villager (Male) |
| 19:38 | Create | Villager (Male) |
| 19:39 | Create | Villager (Male) |
| 19:51 | Build | Farm |
| 19:52 | Build | Farm |
| 19:52 | Build | Farm |
| 19:52 | Build | Farm |
| 19:52 | Build | Farm |
| 19:53 | Build | Farm |
| 19:59 | Create | Villager (Male) |
| 20:07 | Build | Fish Trap |
| 20:13 | Create | Fishing Ship |
| 20:16 | Build | House |
| 20:16 | Build | House |
| 20:18 | Create | Villager (Male) |
| 20:18 | Create | Villager (Male) |
| 20:18 | Create | Villager (Male) |
| 20:37 | Create | Villager (Male) |
| 20:37 | Create | Villager (Male) |
| 20:38 | Create | Villager (Male) |
| 20:50 | Create | Villager (Male) |
| 21:01 | Build | Town Center |
| 21:03 | Create | Villager (Male) |
| 21:03 | Create | Villager (Male) |
| 21:08 | Build | Fish Trap |
| 21:11 | Build | House |
Build order — Hades
First 150 of 404 actions detected
| 0:01 | Create | Villager (Male) |
| 0:01 | Create | Villager (Male) |
| 0:03 | Build | House |
| 0:04 | Build | House |
| 0:26 | Create | Villager (Male) |
| 0:26 | Create | Villager (Male) |
| 1:01 | Research | Loom |
| 1:01 | Research | Loom |
| 1:12 | Create | Villager (Male) |
| 1:23 | Create | Villager (Male) |
| 1:55 | Create | Villager (Male) |
| 2:07 | Create | Villager (Male) |
| 2:11 | Build | Lumber Camp |
| 2:43 | Create | Villager (Male) |
| 2:44 | Create | Villager (Male) |
| 3:49 | Create | Villager (Male) |
| 4:21 | Create | Villager (Male) |
| 4:29 | Build | House |
| 4:38 | Create | Villager (Male) |
| 4:59 | Build | Mill |
| 5:09 | Create | Villager (Male) |
| 5:38 | Create | Villager (Male) |
| 6:03 | Create | Villager (Male) |
| 6:25 | Create | Villager (Male) |
| 7:01 | Research | Feudal Age |
| 7:01 | Research | Feudal Age |
| 7:50 | Build | House |
| 8:26 | Build | Barracks |
| 8:46 | Build | Mining Camp |
| 9:09 | Create | Villager (Male) |
| 9:16 | Age | Feudal Age |
| 9:20 | Build | Archery Range |
| 9:31 | Create | Villager (Male) |
| 9:47 | Create | Villager (Male) |
| 10:11 | Build | Palisade Wall |
| 10:14 | Create | Villager (Male) |
| 10:16 | Create | Archer |
| 10:16 | Create | Archer |
| 10:27 | Research | Double-Bit Axe |
| 10:27 | Research | Double-Bit Axe |
| 10:51 | Build | House |
| 11:04 | Research | Town Watch |
| 11:17 | Build | Archery Range |
| 11:25 | Build | House |
| 11:26 | Create | Villager (Male) |
| 11:28 | Create | Archer |
| 11:39 | Build | Building 804 |
| 11:44 | Create | Villager (Male) |
| 11:50 | Create | Archer |
| 12:00 | Create | Archer |
| 12:03 | Create | Villager (Male) |
| 12:17 | Build | Blacksmith |
| 12:23 | Create | Archer |
| 12:29 | Create | Archer |
| 12:32 | Create | Villager (Male) |
| 12:43 | Build | House |
| 12:43 | Create | Villager (Male) |
| 12:45 | Create | Villager (Male) |
| 13:16 | Research | Fletching |
| 13:18 | Build | House |
| 13:23 | Create | Villager (Male) |
| 13:31 | Create | Villager (Male) |
| 13:31 | Create | Archer |
| 13:34 | Create | Archer |
| 13:44 | Build | House |
| 13:45 | Build | House |
| 13:45 | Create | Villager (Male) |
| 13:58 | Create | Villager (Male) |
| 14:11 | Create | Villager (Male) |
| 14:12 | Create | Villager (Male) |
| 14:49 | Build | Farm |
| 14:50 | Build | Farm |
| 14:50 | Build | Farm |
| 14:50 | Build | Farm |
| 14:50 | Build | Farm |
| 14:50 | Build | Farm |
| 14:51 | Create | Villager (Male) |
| 14:57 | Build | Farm |
| 15:14 | Build | House |
| 15:27 | Create | Archer |
| 15:27 | Create | Archer |
| 15:30 | Build | Farm |
| 15:57 | Build | House |
| 16:10 | Build | Farm |
| 16:17 | Create | Villager (Male) |
| 16:24 | Create | Archer |
| 16:26 | Create | Villager (Male) |
| 16:45 | Create | Villager (Male) |
| 16:46 | Create | Archer |
| 16:48 | Build | Archery Range |
| 16:52 | Create | Archer |
| 16:58 | Create | Villager (Male) |
| 17:06 | Build | Archery Range |
| 17:12 | Create | Villager (Male) |
| 17:19 | Research | Padded Archer Armor |
| 17:19 | Research | Padded Archer Armor |
| 17:48 | Create | Archer |
| 17:51 | Create | Villager (Male) |
| 18:06 | Build | Farm |
| 18:06 | Build | Farm |
| 18:06 | Build | Farm |
| 18:07 | Create | Villager (Male) |
| 18:14 | Build | Farm |
| 18:15 | Build | Farm |
| 18:15 | Build | Farm |
| 18:15 | Create | Villager (Male) |
| 18:49 | Build | Market |
| 19:12 | Create | Villager (Male) |
| 19:28 | Create | Archer |
| 19:28 | Create | Archer |
| 19:48 | Create | Archer |
| 20:03 | Research | Castle Age |
| 20:10 | Build | House |
| 20:12 | Create | Archer |
| 20:25 | Create | Villager (Male) |
| 20:37 | Create | Archer |
| 20:48 | Research | Gold Mining |
| 20:50 | Research | Horse Collar |
| 20:50 | Create | Archer |
| 20:53 | Create | Archer |
| 21:07 | Create | Archer |
| 21:15 | Build | House |
| 21:18 | Build | House |
| 21:18 | Create | Archer |
| 21:42 | Create | Archer |
| 21:59 | Create | Archer |
| 22:03 | Build | House |
| 22:03 | Build | House |
| 22:04 | Build | House |
| 22:07 | Create | Archer |
| 22:21 | Create | Archer |
| 22:26 | Create | Villager (Male) |
| 22:29 | Create | Villager (Male) |
| 22:43 | Age | Castle Age |
| 22:44 | Research | Crossbowman (upgrade) |
| 22:44 | Research | Crossbowman (upgrade) |
| 23:00 | Research | Bodkin Arrow |
| 23:02 | Create | Archer |
| 23:02 | Create | Archer |
| 23:07 | Create | Villager (Male) |
| 23:09 | Create | Archer |
| 23:12 | Create | Villager (Male) |
| 23:18 | Build | University |
| 23:19 | Create | Villager (Male) |
| 23:40 | Build | Town Center |
| 23:43 | Create | Villager (Male) |
| 24:00 | Create | Villager (Male) |
| 24:15 | Create | Villager (Male) |
| 24:34 | Create | Villager (Male) |
| 24:35 | Create | Villager (Male) |
Build order — Tremere
First 150 of 574 actions detected
| 0:01 | Create | Villager (Male) |
| 0:02 | Build | House |
| 0:03 | Build | House |
| 0:09 | Create | Villager (Male) |
| 0:10 | Create | Villager (Male) |
| 0:10 | Create | Villager (Male) |
| 0:20 | Create | Villager (Male) |
| 1:23 | Create | Villager (Male) |
| 1:47 | Build | Lumber Camp |
| 1:59 | Create | Villager (Male) |
| 1:59 | Create | Villager (Male) |
| 2:00 | Create | Villager (Male) |
| 2:00 | Create | Villager (Male) |
| 2:01 | Create | Villager (Male) |
| 2:31 | Create | Villager (Male) |
| 2:41 | Build | House |
| 3:06 | Create | Villager (Male) |
| 3:18 | Create | Villager (Male) |
| 3:18 | Create | Villager (Male) |
| 3:55 | Create | Villager (Male) |
| 3:55 | Create | Villager (Male) |
| 4:09 | Create | Villager (Male) |
| 4:14 | Create | Villager (Male) |
| 4:14 | Create | Villager (Male) |
| 4:19 | Build | Dock |
| 4:34 | Build | House |
| 4:45 | Create | Villager (Male) |
| 4:45 | Create | Villager (Male) |
| 4:59 | Create | Villager (Male) |
| 4:59 | Create | Villager (Male) |
| 5:05 | Create | Fishing Ship |
| 5:33 | Create | Villager (Male) |
| 5:33 | Create | Villager (Male) |
| 5:45 | Create | Fishing Ship |
| 5:56 | Create | Villager (Male) |
| 6:07 | Create | Villager (Male) |
| 6:17 | Build | House |
| 6:23 | Create | Villager (Male) |
| 6:37 | Create | Fishing Ship |
| 6:49 | Build | House |
| 7:24 | Create | Villager (Male) |
| 7:48 | Create | Villager (Male) |
| 7:49 | Research | Loom |
| 7:50 | Create | Fishing Ship |
| 8:10 | Build | Mining Camp |
| 8:33 | Research | Feudal Age |
| 8:34 | Research | Feudal Age |
| 9:40 | Build | Barracks |
| 9:48 | Build | Mill |
| 10:49 | Age | Feudal Age |
| 10:53 | Build | Stable |
| 10:53 | Create | Villager (Male) |
| 11:00 | Create | Villager (Male) |
| 11:17 | Build | Blacksmith |
| 11:38 | Create | Villager (Male) |
| 11:48 | Build | House |
| 11:49 | Build | Palisade Wall |
| 12:07 | Create | Villager (Male) |
| 12:38 | Research | Castle Age |
| 13:01 | Build | House |
| 13:21 | Research | Double-Bit Axe |
| 13:41 | Build | House |
| 13:47 | Create | Fishing Ship |
| 13:55 | Build | Fish Trap |
| 14:22 | Build | Palisade Gate |
| 14:23 | Build | House |
| 14:25 | Build | House |
| 14:40 | Build | Fish Trap |
| 14:41 | Build | Fish Trap |
| 14:53 | Build | Fish Trap |
| 15:03 | Create | Villager (Male) |
| 15:03 | Age | Castle Age |
| 15:04 | Create | Knight |
| 15:09 | Research | Bow Saw |
| 15:10 | Create | Villager (Male) |
| 15:29 | Build | Palisade Wall |
| 15:30 | Build | Palisade Wall |
| 15:34 | Build | Fish Trap |
| 15:35 | Create | Villager (Male) |
| 15:39 | Create | Knight |
| 16:10 | Create | Knight |
| 16:10 | Create | Villager (Male) |
| 16:13 | Build | Town Center |
| 16:15 | Create | Fishing Ship |
| 16:58 | Create | Villager (Male) |
| 17:02 | Build | Fish Trap |
| 17:02 | Create | Fishing Ship |
| 17:18 | Create | Villager (Male) |
| 17:20 | Create | Villager (Male) |
| 17:25 | Build | Farm |
| 17:26 | Build | Farm |
| 18:05 | Create | Villager (Male) |
| 18:07 | Build | Farm |
| 18:08 | Build | Farm |
| 18:09 | Create | Knight |
| 18:20 | Research | Horse Collar |
| 18:21 | Research | Horse Collar |
| 18:21 | Create | Villager (Male) |
| 18:30 | Create | Villager (Male) |
| 18:54 | Create | Knight |
| 18:58 | Create | Villager (Male) |
| 19:28 | Create | Knight |
| 19:32 | Create | Villager (Male) |
| 19:36 | Build | Town Center |
| 19:46 | Research | Scale Barding Armor |
| 19:55 | Build | Fish Trap |
| 19:59 | Create | Villager (Male) |
| 20:05 | Build | Farm |
| 20:06 | Build | Farm |
| 20:22 | Build | Farm |
| 20:24 | Build | Farm |
| 20:30 | Create | Villager (Male) |
| 20:37 | Create | Villager (Male) |
| 20:43 | Build | Farm |
| 20:44 | Create | Villager (Male) |
| 20:44 | Create | Villager (Male) |
| 20:54 | Build | Farm |
| 20:58 | Build | Farm |
| 20:59 | Build | Farm |
| 21:01 | Build | Farm |
| 21:03 | Create | Villager (Male) |
| 21:04 | Create | Villager (Male) |
| 21:16 | Create | Villager (Male) |
| 21:18 | Build | Farm |
| 21:19 | Build | Farm |
| 21:29 | Build | Lumber Camp |
| 21:57 | Create | Villager (Male) |
| 21:59 | Build | Farm |
| 22:01 | Build | Farm |
| 22:03 | Build | Farm |
| 22:06 | Create | Villager (Male) |
| 22:11 | Build | Farm |
| 22:11 | Create | Villager (Male) |
| 22:16 | Build | Stable |
| 22:24 | Research | Bloodlines |
| 22:24 | Research | Bloodlines |
| 22:26 | Create | Villager (Male) |
| 22:26 | Create | Villager (Male) |
| 22:30 | Build | Farm |
| 22:36 | Create | Villager (Male) |
| 22:36 | Create | Villager (Male) |
| 22:41 | Build | House |
| 22:41 | Build | House |
| 22:44 | Build | Farm |
| 22:45 | Build | Farm |
| 22:49 | Create | Villager (Male) |
| 22:49 | Create | Villager (Male) |
| 23:06 | Create | Knight |
| 23:06 | Create | Knight |
| 23:24 | Build | Farm |
Match timeline
| 1:16 | bilalnizamani001 · wall_segment Palisade Wall x7 |
| 1:34 | bilalnizamani001 · wall_segment Palisade Wall x1 |
| 3:14 | bilalnizamani001 · wall_segment Palisade Wall x11 |
| 4:19 | Tremere · first_building Dock |
| 4:45 | Canadian Pacific Railway · first_building Dock |
| 6:28 | Canadian Pacific Railway · wall_segment Palisade Wall x1 |
| 6:31 | Canadian Pacific Railway · wall_segment Palisade Wall x13 |
| 8:26 | Hades · first_building Barracks |
| 8:29 | IG_Trading.conmike · first_building Barracks |
| 8:40 | PALADIN · first_building Barracks |
| 8:42 | bilalnizamani001 · first_building Dock |
| 9:16 | Hades · age_up feudal |
| 9:20 | Hades · first_building Archery Range |
| 9:22 | PALADIN · age_up feudal |
| 9:25 | Canadian Pacific Railway · wall_segment Palisade Wall x12 |
| 9:27 | Canadian Pacific Railway · wall_segment Palisade Wall x4 |
| 9:35 | PALADIN · first_building Archery Range |
| 9:40 | Tremere · first_building Barracks |
| 10:11 | Hades · wall_segment Palisade Wall x19 |
| 10:13 | IG_Trading.conmike · age_up feudal |
| 10:14 | IG_Trading.conmike · first_building Stable |
| 10:23 | IG_Trading.conmike · first_building Archery Range |
| 10:30 | Canadian Pacific Railway · wall_segment Palisade Wall x6 |
| 10:49 | Tremere · age_up feudal |
| 10:49 | Persian Assassin · age_up feudal |
| 10:53 | Tremere · first_building Stable |
| 11:05 | A K I T A · first_building Barracks |
| 11:25 | Canadian Pacific Railway · age_up feudal |
| 11:49 | Tremere · wall_segment Palisade Wall x1 |
| 11:55 | bilalnizamani001 · age_up feudal |
| 12:23 | A K I T A · age_up feudal |
| 12:27 | bilalnizamani001 · wall_segment Stone Wall x14 |
| 12:33 | A K I T A · first_building Stable |
| 13:32 | bilalnizamani001 · wall_segment Stone Wall x12 |
| 14:23 | Persian Assassin · age_up castle |
| 14:40 | bilalnizamani001 · wall_segment Stone Wall x13 |
| 14:53 | Canadian Pacific Railway · wall_segment Stone Wall x11 |
| 15:03 | Tremere · age_up castle |
| 15:29 | Tremere · wall_segment Palisade Wall x1 |
| 15:30 | Tremere · wall_segment Palisade Wall x1 |
| 16:01 | A K I T A · age_up castle |
| 16:18 | Canadian Pacific Railway · age_up castle |
| 16:40 | Persian Assassin · wall_segment Stone Wall x6 |
| 16:55 | Persian Assassin · first_market_sell 100 wood |
| 16:56 | Persian Assassin · first_market_buy 100 food |
| 17:07 | bilalnizamani001 · age_up castle |
| 17:12 | Persian Assassin · first_building Monastery |
| 17:14 | IG_Trading.conmike · wall_segment Stone Wall x1 |
| 17:19 | IG_Trading.conmike · wall_segment Stone Wall x8 |
| 17:35 | IG_Trading.conmike · first_market_buy 100 food |
| 17:48 | IG_Trading.conmike · first_market_sell 100 wood |
| 19:22 | Canadian Pacific Railway · first_building Castle |
| 19:52 | Hades · first_market_buy 100 food |
| 19:52 | Canadian Pacific Railway · first_building Monastery |
| 19:56 | Hades · first_market_sell 100 wood |
| 20:13 | Persian Assassin · wall_segment Stone Wall x6 |
| 20:18 | Persian Assassin · wall_segment Stone Wall x9 |
| 20:42 | A K I T A · first_market_buy 100 food |
| 20:46 | IG_Trading.conmike · age_up castle |
| 22:43 | Hades · age_up castle |
| 22:48 | A K I T A · first_building Monastery |
| 23:12 | Persian Assassin · wall_segment Stone Wall x7 |
| 23:19 | Persian Assassin · first_building Barracks |
| 23:25 | bilalnizamani001 · first_building Siege Workshop |
| 23:31 | Persian Assassin · wall_segment Stone Wall x3 |
| 23:42 | bilalnizamani001 · first_building Castle |
| 23:53 | Persian Assassin · first_building Archery Range |
| 24:43 | Canadian Pacific Railway · first_building Siege Workshop |
| 25:05 | PALADIN · age_up castle |
| 25:32 | bilalnizamani001 · wall_segment Stone Wall x5 |
| 25:34 | Persian Assassin · first_building Stable |
| 26:15 | bilalnizamani001 · wall_segment Stone Wall x5 |
| 26:18 | Persian Assassin · first_building Castle |
| 27:08 | bilalnizamani001 · first_market_sell 100 food |
| 27:38 | IG_Trading.conmike · first_building Castle |
| 27:40 | bilalnizamani001 · first_building Barracks |
| 28:40 | bilalnizamani001 · first_building Stable |
| 29:21 | bilalnizamani001 · first_building Archery Range |
| 29:35 | Tremere · first_building Monastery |
| 30:07 | Canadian Pacific Railway · wall_segment Stone Wall x11 |
| 30:12 | A K I T A · first_building Castle |
| 30:21 | Tremere · wall_segment Stone Wall x4 |
| 30:22 | bilalnizamani001 · age_up imperial |
| 30:56 | Canadian Pacific Railway · wall_segment Stone Wall x16 |
| 31:11 | Tremere · first_building Siege Workshop |
| 31:17 | Canadian Pacific Railway · age_up imperial |
| 31:33 | A K I T A · first_market_sell 100 stone |
| 31:51 | IG_Trading.conmike · first_building Siege Workshop |
| 32:16 | PALADIN · first_building Castle |
| 32:48 | Tremere · wall_segment Stone Wall x4 |
| 33:15 | Canadian Pacific Railway · wall_segment Stone Wall x8 |
| 33:18 | PALADIN · first_building Monastery |
| 33:23 | Hades · first_building Monastery |
| 33:27 | IG_Trading.conmike · age_up imperial |
| 33:27 | Canadian Pacific Railway · wall_segment Stone Wall x13 |
| 34:02 | Canadian Pacific Railway · wall_segment Stone Wall x6 |
| 34:06 | Tremere · age_up imperial |
| 34:07 | PALADIN · first_market_sell 100 wood |
| 34:20 | Tremere · first_building Castle |
| 34:24 | Canadian Pacific Railway · wall_segment Stone Wall x14 |
| 34:28 | Hades · wall_segment Palisade Wall x1 |
| 34:51 | A K I T A · age_up imperial |
| 34:53 | Tremere · wall_segment Stone Wall x1 |
| 35:54 | PALADIN · wall_segment Stone Wall x1 |
| 36:03 | PALADIN · wall_segment Stone Wall x5 |
| 36:15 | Hades · first_building Castle |
| 36:30 | Canadian Pacific Railway · wall_segment Stone Wall x11 |
| 36:48 | PALADIN · first_market_buy 100 stone |
| 37:04 | Persian Assassin · age_up imperial |
| 37:06 | PALADIN · wall_segment Palisade Wall x2 |
| 37:16 | Hades · age_up imperial |
| 37:40 | Tremere · wall_segment Stone Wall x12 |
| 38:25 | Canadian Pacific Railway · first_building Barracks |
| 38:33 | Tremere · wall_segment Stone Wall x1 |
| 40:24 | PALADIN · wall_segment Stone Wall x10 |
| 41:52 | Tremere · tribute_sent a jugador 1 |
| 41:52 | Tremere · tribute_sent a jugador 2 |
| 41:52 | Tremere · tribute_sent a jugador 3 |
| 41:52 | Tremere · tribute_sent a jugador 4 |
| 41:52 | Tremere · tribute_sent a jugador 5 |
| 41:52 | Tremere · tribute_sent a jugador 6 |
| 41:52 | Tremere · tribute_sent a jugador 7 |
| 43:07 | Persian Assassin · wall_segment Stone Wall x3 |
| 44:48 | Canadian Pacific Railway · first_market_sell 500 stone |
| 46:05 | Persian Assassin · tribute_sent a jugador 1 |
| 46:05 | Persian Assassin · tribute_sent a jugador 3 |
| 46:05 | Persian Assassin · tribute_sent a jugador 4 |
| 46:05 | Persian Assassin · tribute_sent a jugador 5 |
| 46:05 | Persian Assassin · tribute_sent a jugador 6 |
| 46:05 | Persian Assassin · tribute_sent a jugador 7 |
| 46:05 | Persian Assassin · tribute_sent a jugador 8 |
| 46:13 | bilalnizamani001 · tribute_sent a jugador 1 |
| 46:13 | bilalnizamani001 · tribute_sent a jugador 2 |
| 46:13 | bilalnizamani001 · tribute_sent a jugador 3 |
| 46:13 | bilalnizamani001 · tribute_sent a jugador 4 |
| 46:13 | bilalnizamani001 · tribute_sent a jugador 5 |
| 46:13 | bilalnizamani001 · tribute_sent a jugador 7 |
| 46:13 | bilalnizamani001 · tribute_sent a jugador 8 |
| 46:30 | Canadian Pacific Railway · first_building Stable |
| 46:47 | Tremere · first_building Archery Range |
| 47:19 | Persian Assassin · tribute_sent a jugador 1 |
| 47:19 | Persian Assassin · tribute_sent a jugador 3 |
| 47:19 | Persian Assassin · tribute_sent a jugador 4 |
| 47:19 | Persian Assassin · tribute_sent a jugador 5 |
| 47:19 | Persian Assassin · tribute_sent a jugador 6 |
| 47:19 | Persian Assassin · tribute_sent a jugador 7 |
| 47:19 | Persian Assassin · tribute_sent a jugador 8 |
| 49:12 | Persian Assassin · resign |
[ AI ANALYSIS · 1 CREDIT ]
What really happened in this match?
Wolo.gg analyzes every decision: build order, eco, micro, common mistakes by bracket. Personalized analysis on WhatsApp or Discord in 30 seconds.
Civ guide
Persians
Perfil
Jugador #5134748